 Dungeon Crawl Stone Soup version 0.22.0-5-gf09313c8f9 (webtiles) character file.

1823143 KamiKatze the Axe Maniac (level 27, 273/273 HPs)
             Began as a Minotaur Berserker on Aug 10, 2018.
             Was the Champion of Trog.
             Escaped with the Orb
             ... and 3 runes on Aug 13, 2018!
             The game lasted 05:13:34 (62427 turns).

KamiKatze the Axe Maniac (Minotaur Berserker)      Turns: 62427, Time: 05:13:35

Health: 273/273    AC: 54    Str: 38    XL:     27
Magic:  26/26      EV: 25    Int:  7    God:    Trog [******]
Gold:   5732       SH:  0    Dex: 15    Spells: 26/26 levels left

rFire    + . .     SeeInvis +   a - +9 executioner's axe (elec)
rCold    + . .     Gourm    .   (shield currently unavailable)
rNeg     . . .     Faith    .   r - +10 gold dragon scales
rPois    +         Spirit   .   P - +1 hat {Int+3}
rElec    +         Reflect  .   H - +1 cloak {MR+}
rCorr    +         Harm     .   S - +2 pair of gloves
MR       +++..                  A - +0 pair of boots of Limited Liability {rElec rCorr Str+4 Dex+4}
Stlth    ..........             R - amulet of regeneration
HPRegen  0.95/turn              n - +6 ring of protection
MPRegen  0.20/turn              p - ring of see invisible

@: no status effects
A: retaliatory headbutt, horns 2, blurry vision 1, low mp 1, poison resistance,
screaming 1, shaggy fur 1, wild magic 1, no potion heal 1
0: Orb of Zot
}: 3/15 runes: serpentine, silver, abyssal
a: Berserk, Trog's Hand, Brothers in Arms, Renounce Religion


You escaped.
You worshipped Trog.
Trog was exalted by your worship.
You were not hungry.

You visited 9 branches of the dungeon, and saw 44 of its levels.
You visited the Abyss 2 times.
You also visited: Labyrinth, Ice Cave, Volcano and Wizlab.

You collected 6695 gold pieces.
You spent 963 gold pieces at shops.

Inventory:

Hand Weapons
 a - a +9 executioner's axe of electrocution (weapon)
 b - a +9 antimagic executioner's axe
 w - the +4 broad axe of Subjectivity {flame, Dex+3}
   (Trog gifted it to you on level 6 of the Lair of Beasts)

   It has been specially enchanted to burn those struck by it, causing extra
   injury to most foes and up to half again as much damage against particularly
   susceptible opponents.
   Big, fiery blades are also staple armaments of hydra-hunters.
   It affects your dexterity (+3).
Missiles
 e - 3 tomahawks
 t - 7 poisoned tomahawks
 F - 11 throwing nets
 W - 22 poisoned javelins (quivered)
Armour
 r - +10 gold dragon scales (worn)
 A - the +0 pair of boots of Limited Liability (worn) {rElec rCorr Str+4 Dex+4}
   (You found it on level 5 of the Vaults)

   It affects your strength (+4).
   It affects your dexterity (+4).
   It insulates you from electricity.
   It provides partial protection from all sources of acid and corrosion.
 H - a +1 cloak of magic resistance (worn)
 K - a scarf of resistance
 P - a +1 hat of intelligence (worn)
 S - a +2 pair of gloves (worn)
Jewellery
 n - a +6 ring of protection (left hand)
 p - a ring of see invisible (right hand)
 N - an uncursed ring of positive energy
 R - an amulet of regeneration (around neck)
 X - an uncursed ring of flight
Wands
 d - a wand of enslavement (11)
 h - a wand of iceblast (39)
 y - a wand of digging (42)
 z - a wand of flame (115)
 G - a wand of disintegration (24)
 L - a wand of acid (48)
 Q - a wand of clouds (12)
Scrolls
 i - 9 scrolls of magic mapping
 m - 5 scrolls of fear
 q - 5 scrolls of blinking
 s - 15 scrolls of teleportation
 E - a scroll of holy word
 M - 20 scrolls of identify
 O - 4 scrolls of fog
 T - 21 scrolls of remove curse
Potions
 f - a potion of brilliance
 g - 4 potions of lignification
 j - 9 potions of agility
 k - 4 potions of flight
 l - 7 potions of might
 o - 6 potions of haste
 u - 25 potions of curing
 v - 5 potions of heal wounds
 x - 3 potions of resistance
 B - 5 potions of cancellation
 C - a potion of mutation
 Y - a potion of berserk rage
Miscellaneous
 D - 4 phantom mirrors
Comestibles
 c - 60 rations


   Skills:
 O Level 27 Fighting
 O Level 27 Axes
 O Level 27 Armour
 O Level 27 Dodging
 + Level 9.4 Evocations


You had 26 spell levels left.
You didn't know any spells.
Your spell library was empty.

Dungeon Overview and Level Annotations

Branches:
Dungeon (15/15)            Temple (1/1) D:4            Lair (6/6) D:8
 Shoals (0/4) Lair:3        Snake (4/4) Lair:4        Slime (0/5) Lair:5
    Orc (2/2) D:10            Elf (0/3) Orc:2        Vaults (5/5) D:13
  Crypt (1/3) Vaults:3     Depths (5/5) D:15            Zot (5/5) Depths:5

Altars:
Ashenzari
Cheibriados
Dithmenos
Elyvilon
Fedhas
Gozag
Hepliaklqana
Kikubaaqudgha
Makhleb
Nemelex Xobeh
Okawaru
Qazlal
Ru
Sif Muna
Trog
Uskayaw
Vehumet
Wu Jian
Xom
Yredelemnul
Zin
The Shining One
Jiyva

Shops:
D:4 *   D:12 ![   D:15 :   Orc:2 [?:!?   Depths:2 }}=   Depths:5 **

Portals:
Hell: Depths:1 Depths:2 Depths:3 Depths:4 Depths:5
Abyss: Depths:4
Pandemonium: Depths:2 Depths:3 Depths:5
Ziggurat: Depths:1

Annotations:
D:15 exclusion: obsidian statue
Depths:2 6 runed doors
Depths:5 3 runed doors, exclusion: obsidian statue, Tyzaot's ghost, veteran CeHu
Zot:5 exclusion: obsidian statue


Innate Abilities, Weirdness & Mutations

You reflexively headbutt those who attack you in melee.
You have a pair of horns on your head.
Scrolls take you a little longer to read.
Your magical capacity is low. (-10% MP)
Your system is resistant to poisons. (rPois)
You occasionally shout uncontrollably at your foes.
You are covered in fur. (AC +1)
Your spells are a little harder to cast, but a little more powerful.
Potions are less effective at restoring your health.


Message History

You feel less resistant to hostile enchantments.
You feel yourself slow down.
There is a stone staircase leading up here.
You climb upwards.
There is a stone staircase leading down, spattered with blood here.
There is a stone staircase leading up here.
You climb upwards.
There is a stone staircase leading down here.
There is an open door here.
There is a stone staircase leading up here.
You climb upwards.
There is a stone staircase leading down here.
There is a stone staircase leading up here.
You climb upwards.
There is a stone staircase leading down here.
There is a staircase leading out of the dungeon here.
You can't go down here!
Your library has no spells.
Unknown command.
You have escaped!

########.# #..............
..)...##.# ##########.#.##
#####.##.# ##..... # #.##.#
#....## # #.##.# #..### #
#.#####################....# #
#...#...#..........#.##.##.#
##...#.#.#.########.#.##.##.##
####....#.#.#...@....#.#.##.#...#
#.......#.#.########.#.#.##.#....
..##....#.#..........#...##.#...#
###.....#.##############.##.##)##
#.#.......................##.#
#.#.########.#.#.###########.##
#.#...#....#.#.#.......# #...
#.##.##.##.#.#.#.#####.# #.##
###.##.##.#..#.#.#.#...#.# #.#


There were no monsters in sight!

Vanquished Creatures
  10 orbs of fire
  Mara (Vaults:3)
  2 juggernauts (Depths:4)
  2 ancient liches
  2 Killer Klowns (Zot:5)
  2 curse toes
  10 golden dragons
  The ghost of Jiud the Executioner, an adept MiBe of Trog (Vaults:2)
  A profane servitor (Abyss:4)
  3 electric golems
  2 bone dragons
  12 liches
  22 tentacled monstrosities
  A hellephant (Abyss:4)
  28 Orb Guardians
  3 titans
  3 quicksilver dragons (Zot:3)
  13 tentacled starspawn
  A kraken (Abyss:4)
  8 death cobs
  Kirke (D:12)
  4 tengu reavers
  Gastronok (D:12)
  3 sphinxes
  An Executioner (Abyss:4)
  9 shadow dragons
  16 storm dragons
  9 draconian monks
  6 fire giants
  11 nagarajas
  A revenant (Abyss:1)
  3 balrugs
  12 frost giants
  6 draconian knights
  4 draconian scorchers (Zot:5)
  3 ghost moths
  2 orc warlords
  2 deep elf elementalists (Vaults:5)
  13 ironheart preservers
  13 vault wardens
  26 very ugly things
  2 draconian shifters
  A reaper (Abyss:4)
  Louise (Snake:2)
  2 draconian annihilators
  5 draconian stormcallers
  16 stone giants
  4 war gargoyles (Vaults:5)
  2 ophanim (Abyss:4)
  4 vampire knights
  11 red draconians
  9 white draconians
  2 entropy weavers
  8 black draconians
  A deep elf annihilator (Vaults:5)
  12 green draconians
  3 lorocyprocas
  12 spark wasps
  2 minotaurs
  9 yellow draconians
  22 purple draconians
  9 statues (WizLab)
  13 fire dragons
  4 deep elf death magi
  The ghost of Yguexebb the Summoner, a journeyman HuSu of Okawaru (Lair:5)
  15 ettins
  A blizzard demon (Abyss:4)
  3 green deaths
  11 great orbs of eyes
  23 yaktaur captains
  Josephine (D:12)
  2 deep elf high priests (Vaults:5)
  5 rakshasas
  9 hydras
  34 vault guards
  3 spriggan air magi
  23 naga warriors
  11 ice dragons
  5 anacondas
  A two-headed ogre (shapeshifter) (Vaults:5)
  8 death knights
  15 centaur warriors
  39 two-headed ogres
  A ghost crab (Abyss:4)
  11 ogre magi
  2 dancing weapons (Abyss:4)
  3 death yaks
  7 deep troll shamans
  8 tengu warriors
  21 thrashing horrors
  10 deep troll earth magi
  8 spriggan berserkers
  3 vampire magi
  3 shock serpents
  A hell hog (Abyss:4)
  14 naga sharpshooters
  2 sun demons (Abyss:4)
  The ghost of SushiGirl the Jinx, a novice DECj of Vehumet (D:9)
  11 deep elf knights
  2 soul eaters
  A titan skeleton (Abyss:4)
  A fire crab (Abyss:4)
  3 storm dragon zombies
  6 spriggans
  2 sixfirhies
  19 wretched stars
  6 iron trolls
  2 shadow wraiths (Abyss:4)
  2 skeletal warriors
  4 salamander mystics
  5 spatial maelstroms
  A death drake (shapeshifter) (Depths:4)
  16 hell knights
  An unseen horror (shapeshifter) (Vaults:3)
  8 unseen horrors
  A shambling mangrove (Abyss:4)
  4 glowing orange brains
  2 flayed ghosts
  4 phantasmal warriors
  A swamp dragon (shapeshifter) (Vaults:5)
  A gelid demonspawn (Abyss:4)
  15 naga ritualists
  30 deep trolls
  6 deep elf archers
  A lindwurm (shapeshifter) (Vaults:5)
  A shadow demon (Abyss:4)
  A shadow dragon zombie (Vaults:3)
  7 wizards
  2 sphinx zombies
  A harpy (shapeshifter) (Abyss:4)
  10 necromancers
  A swamp dragon (Lair:6)
  5 harpies (Vaults:5)
  28 deep elf magi
  18 ironbrand convokers
  A wolf spider (shapeshifter) (Vaults:5)
  Pikel (D:4)
  6 orc sorcerers
  An anaconda skeleton (Abyss:3)
  2 orb spiders (shapeshifter)
  20 orc knights
  A shining eye (Abyss:4)
  2 wolf spiders
  4 human zombies
  8 mana vipers
  A stone giant zombie (Vaults:3)
  A frost giant zombie (Vaults:3)
  A moth of wrath (shapeshifter) (Vaults:5)
  12 cyclopes
  3 manticores
  67 ugly things
  3 worldbinders
  9 elephants
  2 frost giant skeletons (Abyss:4)
  A toenail golem (Abyss:4)
  A shock serpent zombie (Abyss:1)
  17 salamanders
  30 naga magi
  A water nymph (shapeshifter) (Vaults:5)
  8 vault sentinels
  3 rust devils
  2 apocalypse crabs
  4 centaur zombies
  2 stone giant skeletons
  33 moths of wrath
  An eye of devastation (Abyss:4)
  3 gargoyles
  4 guardian serpents
  14 spiny frogs
  2 ice statues (IceCv)
  2 guardian serpents (shapeshifter)
  31 black mambas
  5 orange demons
  8 smoke demons
  A dire elephant skeleton (Abyss:4)
  2 yaktaur zombies
  2 hellions
  An elf skeleton (Depths:3)
  A tormentor (Abyss:4)
  A black draconian zombie (Crypt:1)
  5 komodo dragons
  A rime drake (shapeshifter) (Vaults:1)
  A spriggan skeleton (Depths:3)
  4 ice devils
  5 hellwings
  A kobold demonologist (D:14)
  4 rime drakes (Lair:6)
  2 efreet
  A komodo dragon (shapeshifter) (Vaults:5)
  6 freezing wraiths
  72 yaktaurs
  11 ancient zymes
  4 tengu conjurers
  A troll (shapeshifter) (Vaults:2)
  A meliai (shapeshifter) (Vaults:2)
  A red devil (Depths:3)
  32 large abominations
  9 polar bears (Lair:6)
  2 queen bees (shapeshifter)
  A jumping spider (Vaults:5)
  14 trolls
  16 hornets
  A blink frog (shapeshifter) (Depths:1)
  A fire dragon zombie (Abyss:4)
  A wolf spider simulacrum (Abyss:4)
  16 hippogriffs
  A raiju (shapeshifter) (Depths:4)
  A slime creature (shapeshifter) (Depths:5)
  38 slime creatures
  2 harpy skeletons (D:15)
  4 human simulacra
  A snapping turtle (shapeshifter) (Vaults:5)
  8 dream sheep
  A frost giant simulacrum (Vaults:3)
  16 raiju
  2 hippogriffs (shapeshifter)
  17 blink frogs
  An air elemental (Abyss:3)
  3 ettin skeletons
  A centaur simulacrum (D:14)
  3 redbacks
  A spriggan (shapeshifter) (Vaults:5)
  A vampire (Abyss:4)
  14 ynoxinuls
  6 shadows
  12 wraiths
  A redback (shapeshifter) (Abyss:3)
  11 water elementals
  A fire dragon skeleton (Abyss:1)
  3 flying skulls
  61 yaks
  4 wyverns
  6 basilisks
  7 hogs
  A fire elemental (Volcano)
  A golden eye (Abyss:4)
  2 humans (shapeshifter)
  6 hungry ghosts
  4 vampire mosquitoes (D:15)
  12 neqoxecs
  30 small abominations
  A golden eye (shapeshifter) (Vaults:1)
  17 chaos spawn
  8 insubstantial wisps (Abyss:4)
  2 yaktaur simulacra
  49 nagas
  11 wargs
  5 acid dragons
  8 spatial vortices
  A spiny frog zombie (Abyss:4)
  Edmund (D:4)
  14 water moccasins
  20 hell hounds
  2 soldier ants (D:15)
  A floating eye (Depths:3)
  64 orc warriors
  A floating eye (shapeshifter) (Depths:5)
  10 porcupines
  3 black bears (shapeshifter)
  10 ice beasts
  2 sky beasts
  2 hornet zombies
  12 black bears
  3 phantoms
  19 wolves
  5 boggarts
  38 ogres
  An orc zombie (Vaults:1)
  3 eyes of draining
  A tengu (shapeshifter) (Depths:2)
  A centaur (shapeshifter) (Abyss:4)
  9 crocodiles
  25 centaurs
  A crocodile (shapeshifter) (Vaults:4)
  5 big kobolds
  A gnoll sergeant (D:11)
  12 bullfrogs
  A yaktaur skeleton (Vaults:1)
  A wyvern zombie (D:14)
  A wyvern skeleton (D:10)
  10 scorpions
  6 killer bees (D:11)
  12 wights
  6 howler monkeys
  An electric eel (Lair:3)
  7 crimson imps
  60 starcursed masses
  A bullfrog zombie (D:12)
  4 quasits
  7 centaur skeletons
  2 hounds
  19 orc priests
  4 jellies
  27 orc wizards
  4 iron imps
  A bullfrog skeleton (D:9)
  An iguana (Lair:6)
  16 worker ants
  A hound skeleton (D:6)
  Robin (D:4)
  A worker ant zombie (D:11)
  9 gnolls
  A howler monkey skeleton (D:8)
  10 adders
  5 shadow imps
  9 white imps
  5 ufetubi
  2 oozes
  An adder zombie (D:6)
  An adder skeleton (D:7)
  2 worms
  7 leopard geckos
  152 orcs
  2 bats
  4 giant cockroaches
  11 goblins
  7 hobgoblins
  7 jackals
  3 quokkas
  2 ball pythons
  4 frilled lizards
  A jackal skeleton (D:5)
  13 kobolds
  A rat (D:2)
  10 fungi
  2 lurking horrors
  44 plants
  15 starspawn tentacles
2674 creatures vanquished.

Vanquished Creatures (collateral kills)
  A hydra (Lair:3)
  A water moccasin (Lair:3)
2 creatures vanquished.

Vanquished Creatures (others)
  A very ugly thing (Depths:2)
  A naga warrior (Depths:3)
  2 deep elf magi
  3 moths of wrath (Zot:5)
  A golden eye (Abyss:4)
  A small abomination (Abyss:3)
  A worker ant (D:4)
  A worm (D:4)
  4 fungi
  2 lurking horrors
  25 plants
  21 starspawn tentacles
  4 tentacles (Abyss:4)
67 creatures vanquished.

Grand Total: 2743 creatures vanquished

Notes
Turn   | Place    | Note
-------+----------+-------------------------------------------
     0 | D:1      | KamiKatze the Minotaur Berserker began the quest for the Orb.
     0 | D:1      | Reached XP level 1. HP: 19/19 MP: 0/0
   271 | D:1      | Reached XP level 2. HP: 27/27 MP: 1/1
   968 | D:2      | Reached XP level 3. HP: 24/33 MP: 2/2
  1581 | D:2      | Found a hide-covered altar of Uskayaw.
  1809 | D:2      | Found a snail-covered altar of Cheibriados.
  1812 | D:2      | Found a shattered altar of Ashenzari.
  1813 | D:2      | Found a white marble altar of Elyvilon.
  1814 | D:2      | Found a radiant altar of Vehumet.
  1814 | D:2      | Found an opulent altar of Gozag.
  1814 | D:2      | Found an iron altar of Okawaru.
  1815 | D:2      | Found a burning altar of Makhleb.
  1816 | D:2      | Found a hazy altar of Hepliaklqana.
  1818 | D:2      | Found a bloodstained altar of Trog.
  2035 | D:3      | Reached XP level 4. HP: 40/40 MP: 3/3
  2197 | D:3      | Reached ** piety under Trog
  2655 | D:4      | Noticed a slave
  2747 | D:4      | Reached skill level 5 in Axes
  2870 | D:4      | Noticed a phantom
  2910 | D:4      | Killed a phantom
  2910 | D:4      | Reached XP level 5. HP: 32/47 MP: 4/4
  2915 | D:4      | Found a staircase to the Ecumenical Temple.
  2929 | Temple   | Entered the Ecumenical Temple
  3054 | D:4      | Found Daddiofo's General Store.
  3127 | D:4      | Noticed Pikel
  3128 | D:4      | Noticed a slave
  3129 | D:4      | Noticed a slave
  3135 | D:4      | Killed Pikel
  3135 | D:4      | Reached skill level 5 in Fighting
  3135 | D:4      | Reached XP level 6. HP: 56/56 MP: 5/5
  3135 | D:4      | Reached XP level 7. HP: 61/61 MP: 6/6
  3188 | D:4      | Found a blossoming altar of Fedhas.
  3223 | D:4      | Noticed Edmund
  3229 | D:4      | Killed Edmund
  3229 | D:4      | Reached skill level 5 in Armour
  3288 | D:4      | Noticed Robin
  3293 | D:4      | Killed Robin
  3661 | D:5      | Entered Level 5 of the Dungeon
  3764 | D:5      | Got a pitted mace
  3765 | D:5      | Identified the +7 mace of Disgust {crush, rPois SInv Stlth+} (You found it on level 5 of the Dungeon)
  3862 | D:5      | Reached skill level 5 in Dodging
  3862 | D:5      | Reached XP level 8. HP: 41/70 MP: 7/7
  4868 | D:6      | Reached *** piety under Trog
  5375 | D:6      | Found an ornate altar of the Wu Jian Council.
  5572 | D:7      | Reached XP level 9. HP: 58/79 MP: 8/8
  5821 | D:7      | Found a runed door.
  5830 | D:7      | Noticed a sixfirhy
  5933 | D:7      | Reached skill level 10 in Axes
  6246 | D:7      | Found a blossoming altar of Fedhas.
  6774 | D:8      | Reached **** piety under Trog
  6870 | D:8      | Found a staircase to the Lair.
  7390 | D:9      | Noticed a troll
  7397 | D:9      | Killed a troll
  7421 | D:9      | Reached XP level 10. HP: 80/90 MP: 9/9
  7700 | D:9      | Noticed SushiGirl's ghost (novice DECj)
  7701 | D:9      | Noticed a two-headed ogre
  7703 | D:9      | Found a transporter.
  7703 | D:9      | Noticed a two-headed ogre
  7709 | D:9      | Found a transporter.
  7779 | D:9      | Found an opulent altar of Gozag.
  8188 | D:9      | Noticed a three-headed hydra
  8193 | D:9      | Killed a one-headed hydra
  8327 | D:10     | Entered Level 10 of the Dungeon
  8333 | D:10     | Reached ***** piety under Trog
  8657 | D:10     | Reached XP level 11. HP: 93/99 MP: 10/10
  8674 | D:10     | Received a gift from Trog
  8699 | D:10     | Found a staircase to the Orcish Mines.
  8811 | D:10     | Reached skill level 10 in Fighting
  9289 | Lair:1   | Entered Level 1 of the Lair of Beasts
  9528 | Lair:1   | Reached skill level 10 in Armour
  9759 | Lair:1   | Noticed a four-headed hydra
  9773 | Lair:1   | Killed a one-headed hydra
 10066 | Lair:1   | You fall through a shaft!
 10146 | Lair:2   | Received a gift from Trog
 10222 | Lair:2   | Found a dark tunnel.
 10237 | Volcano  | Entered a volcano
 10267 | Volcano  | Reached XP level 12. HP: 55/110 MP: 3/11
 10599 | Volcano  | Reached skill level 10 in Dodging
 10909 | Lair:2   | Reached skill level 15 in Axes
 11106 | Lair:2   | Found a sacrificial altar of Ru.
 11208 | Lair:1   | Noticed a seven-headed hydra
 11224 | Lair:1   | Killed a five-headed hydra
 12866 | Lair:3   | Found a frozen archway.
 12874 | IceCv    | Entered an ice cave
 12890 | IceCv    | Found a transporter.
 13066 | IceCv    | Found a transporter.
 13374 | Lair:3   | Noticed an eight-headed hydra
 13400 | Lair:3   | Killed a seven-headed hydra
 13767 | Lair:3   | Found a staircase to the Shoals.
 13790 | Lair:3   | Reached XP level 13. HP: 79/118 MP: 12/12
 14191 | Lair:4   | Found a staircase to the Snake Pit.
 14628 | Lair:5   | Found a labyrinth entrance.
 14667 | Lair:5   | Noticed a minotaur
 14667 | Lair:5   | Noticed Yguexebb's ghost (journeyman HuSu)
 14701 | Lab      | Entered a labyrinth
 15220 | Lab      | Noticed a minotaur
 15229 | Lab      | Killed a minotaur
 15751 | Lair:5   | Found a viscous altar of Jiyva.
 15751 | Lair:5   | Found a staircase to the Slime Pits.
 15954 | Lair:5   | Found a runed gate.
 15955 | Lair:5   | Found a runed gate.
 15957 | Lair:5   | Found a runed gate.
 16286 | Lair:6   | Entered Level 6 of the Lair of Beasts
 16525 | Lair:6   | Reached ****** piety under Trog
 16733 | Lair:6   | Received a gift from Trog
 16743 | Lair:6   | Got a shimmering broad axe {god gift}
 16744 | Lair:6   | Identified the +4 broad axe of Subjectivity {flame, Dex+3} (Trog gifted it to you on level 6 of the Lair of Beasts)
 17467 | Lair:6   | Reached XP level 14. HP: 125/129 MP: 13/13
 18828 | D:9      | Killed SushiGirl's ghost
 18834 | D:9      | Received a gift from Trog
 18951 | Orc:1    | Entered Level 1 of the Orcish Mines
 19467 | Orc:1    | Noticed an orc warlord
 19487 | Orc:1    | Killed an orc warlord
 19801 | Orc:2    | Entered Level 2 of the Orcish Mines
 19801 | Orc:2    | Found a staircase to the Elven Halls.
 19806 | Orc:2    | Received a gift from Trog
 20020 | Orc:2    | Found Xenyn's Magic Scroll Shoppe.
 20592 | Orc:2    | Received a gift from Trog
 20678 | Orc:2    | Found Caseng's Book Boutique.
 20678 | Orc:2    | Found Pisoirep's Magic Scroll Shoppe.
 20680 | Orc:2    | Found Cizoxt's Distillery.
 20682 | Orc:2    | Found Xousiw's Antique Armour Emporium.
 21069 | D:11     | Reached XP level 15. HP: 117/139 MP: 14/14
 21392 | D:12     | Noticed Josephine
 21394 | D:12     | Noticed Kirke
 21396 | D:12     | Killed Josephine
 21535 | D:12     | Killed Kirke
 21535 | D:12     | Received a gift from Trog
 21763 | D:12     | Noticed Gastronok
 21835 | D:12     | Killed Gastronok
 21961 | D:12     | Found Muares's Armour Shoppe.
 22486 | D:12     | Found Atwy's Distillery.
 22745 | D:12     | Cast into level 2 of the Abyss (hell knight)
 22833 | Abyss:2  | Reached skill level 15 in Fighting
 23050 | Abyss:2  | Noticed a tentacled starspawn
 23059 | Abyss:2  | Killed a tentacled starspawn
 23238 | D:12     | Escaped the Abyss
 23345 | Orc:2    | Bought a scroll of blinking for 120 gold pieces
 23442 | D:13     | Found a gate to the Vaults.
 23454 | D:13     | Reached skill level 15 in Armour
 23995 | D:13     | Received a gift from Trog
 24269 | D:13     | Reached XP level 16. HP: 139/149 MP: 15/15
 25176 | D:15     | Entered Level 15 of the Dungeon
 25506 | D:15     | Received a gift from Trog
 25519 | D:15     | Found a staircase to the Depths.
 25639 | D:15     | Found Qiojun's Book Shoppe.
 26100 | Lair:5   | Killed Yguexebb's ghost
 26200 | Snake:1  | Entered Level 1 of the Snake Pit
 27369 | Snake:1  | Reached skill level 15 in Dodging
 27818 | Snake:2  | Reached XP level 17. HP: 153/159 MP: 16/16
 28103 | Snake:2  | Got a steaming chain mail
 28382 | Snake:2  | Noticed Louise
 28390 | Snake:2  | Killed Louise
 28431 | Snake:2  | Identified the +2 chain mail of the Pits of Slime {rF- Dex+6} (You found it on level 2 of the Snake Pit)
 28717 | Orc:2    | Bought a runed plate armour for 442 gold pieces
 29047 | Snake:3  | Received a gift from Trog
 29797 | Snake:4  | Entered Level 4 of the Snake Pit
 30553 | Snake:4  | Received a gift from Trog
 30597 | Snake:4  | Found a bloodstained altar of Trog.
 30707 | Snake:4  | HP: 4/161 [acid (9)]
 31562 | Snake:4  | Received a gift from Trog
 31749 | Snake:4  | Reached XP level 18. HP: 128/170 MP: 17/17
 32089 | Snake:4  | Got a serpentine rune of Zot
 32479 | D:4      | Bought a scroll of blinking for 75 gold pieces
 32479 | D:4      | Bought a scroll of blinking for 75 gold pieces
 32479 | D:4      | Bought a scroll of teleportation for 30 gold pieces
 32667 | Orc:2    | Bought a scroll of teleportation for 39 gold pieces
 32667 | Orc:2    | Bought a scroll of teleportation for 39 gold pieces
 32667 | Orc:2    | Bought a scroll of teleportation for 39 gold pieces
 32702 | Orc:2    | Bought a scroll of teleportation for 48 gold pieces
 32702 | Orc:2    | Bought a scroll of magic mapping for 56 gold pieces
 32798 | D:13     | Upgraded the game from 0.22.0 to 0.22.0-2-ge58baed0e8
 32799 | Vaults:1 | Entered Level 1 of the Vaults
 33144 | Vaults:1 | Received a gift from Trog
 34445 | Vaults:2 | Received a gift from Trog
 34564 | Vaults:2 | Found a runed gate.
 34564 | Vaults:2 | Found a runed gate.
 34564 | Vaults:2 | Found a runed gate.
 34566 | Vaults:2 | Noticed Jiud's ghost (adept MiBe)
 34635 | Vaults:2 | Paralysed by a great orb of eyes for 2 turns
 35154 | Vaults:2 | Received a gift from Trog
 35346 | Vaults:2 | Reached XP level 19. HP: 151/179 MP: 18/18
 36022 | Vaults:3 | Received a gift from Trog
 36100 | Vaults:3 | Noticed Mara
 36102 | Vaults:3 | Noticed KamiKatze's illusion
 36123 | Vaults:3 | Killed Mara
 37019 | Vaults:3 | Found a staircase to the Crypt.
 37131 | Vaults:3 | Received a gift from Trog
 37134 | Vaults:3 | Got a jewelled war axe {god gift}
 37135 | Vaults:3 | Identified the +5 war axe of Disorder {flame, +Blink rElec} (Trog gifted it to you on level 3 of the Vaults)
 37835 | Vaults:4 | Paralysed by a sphinx for 2 turns
 37854 | Vaults:4 | Reached XP level 20. HP: 107/191 MP: 19/19
 38024 | Vaults:4 | Received a gift from Trog
 38544 | Vaults:4 | Received a gift from Trog
 39549 | Crypt:1  | Entered Level 1 of the Crypt
 39711 | Vaults:2 | Killed Jiud's ghost
 40221 | Depths:1 | Entered Level 1 of the Depths
 40449 | Depths:1 | Received a gift from Trog
 40490 | Depths:1 | Found a magical portal.
 40499 | WizLab   | Entered Iskenderun's Mystic Tower
 41778 | WizLab   | Identified Iskenderun's Papyrus of Arcane Weapons
 41778 | WizLab   | Identified Iskenderun's Guide on Arcane Weapons
 41801 | WizLab   | Identified the Almanac of Theory
 41897 | Depths:1 | Found a gateway to a ziggurat.
 42157 | Depths:1 | Received a gift from Trog
 42157 | Depths:1 | Reached XP level 21. HP: 199/200 MP: 20/20
 42409 | Depths:1 | Received a gift from Trog
 42583 | Depths:1 | Found a gateway to Hell.
 43183 | Depths:2 | Found a one-way gate leading to the halls of Pandemonium.
 43812 | Depths:2 | Found a runed gate.
 43812 | Depths:2 | Found a runed gate.
 43812 | Depths:2 | Found a runed gate.
 43875 | Depths:2 | Received a gift from Trog
 43938 | Depths:2 | Paralysed by a lich for 2 turns
 44140 | Depths:2 | Found a runed gate.
 44140 | Depths:2 | Found a runed gate.
 44140 | Depths:2 | Found a runed gate.
 44227 | Depths:2 | Found Fiugoo's Gadget Shop.
 44228 | Depths:2 | Found Xeat's Jewellery Emporium.
 44229 | Depths:2 | Found Nisut's Gadget Shop.
 44710 | Depths:3 | Paralysed by a floating eye for 2 turns
 44724 | Depths:3 | Paralysed by a floating eye for 2 turns
 45066 | Depths:3 | Received a gift from Trog
 45088 | Depths:3 | Reached skill level 27 in Axes
 45304 | Depths:3 | Reached XP level 22. HP: 200/211 MP: 21/21
 46161 | Depths:4 | Received a gift from Trog
 46354 | Depths:4 | Noticed a juggernaut
 46371 | Depths:4 | Killed a juggernaut
 46662 | Depths:4 | Found a one-way gate to the infinite horrors of the Abyss.
 47037 | Depths:4 | Got an ancient chain mail
 47216 | Depths:4 | Noticed a golden dragon
 47226 | Depths:4 | Killed a golden dragon
 47293 | Depths:4 | Noticed a juggernaut
 47293 | Depths:4 | Noticed a golden dragon
 47319 | Depths:5 | Entered Level 5 of the Depths
 47328 | Depths:5 | Received a gift from Trog
 47526 | Depths:5 | Received a gift from Trog
 47783 | Depths:5 | Found a runed gate.
 47783 | Depths:5 | Found a runed gate.
 47783 | Depths:5 | Found Ziff's Assorted Antiques.
 47783 | Depths:5 | Noticed an ancient lich
 47785 | Depths:5 | Found a runed gate.
 47785 | Depths:5 | Noticed Tyzaot's ghost (veteran CeHu)
 47786 | Depths:5 | Found Fexef's Assorted Antiques.
 47787 | Depths:5 | Found an opulent altar of Gozag.
 47808 | Depths:5 | Reached XP level 23. HP: 60/222 MP: 6/22
 48298 | Depths:5 | Identified the +7 chain mail of Zenam {MR++} (You found it on level 4 of the Depths)
 48421 | Depths:5 | Found a gate to the Realm of Zot.
 48847 | Depths:4 | Received a gift from Trog
 48886 | Depths:4 | Killed a juggernaut
 49341 | Lair:1   | Identified a scroll of acquirement
 49347 | Lair:1   | Got an encrusted crystal plate armour
 49358 | Lair:1   | Identified the +7 crystal plate armour of Hadjma {*Contam rElec rC+ SInv} (You acquired it on level 1 of the Lair of Beasts)
 49684 | Vaults:5 | Entered Level 5 of the Vaults
 50142 | Vaults:5 | Got a pair of translucent boots
 50153 | Vaults:5 | Identified the cursed +0 pair of boots of Limited Liability {rElec rCorr Str+4 Dex+4} (You found it on level 5 of the Vaults)
 50281 | Vaults:5 | Received a gift from Trog
 50402 | Vaults:5 | Got a slimy scale mail
 50728 | Vaults:5 | Reached XP level 24. HP: 225/235 MP: 22/22
 50837 | Vaults:5 | Received a gift from Trog
 51521 | Vaults:5 | Got a silver rune of Zot
 51869 | Lair:1   | Identified the +3 scale mail "Tag Hay" {rElec rF+ Int+3} (You found it on level 5 of the Vaults)
 52234 | Depths:4 | Voluntarily entered the Abyss.
 52238 | Abyss:1  | Got a pair of brightly glowing gloves
 52249 | Abyss:1  | Identified the -1 pair of gloves of the Thistle {*Corrode rPois rC+ SInv} (You acquired it on level 1 of the Abyss)
 52466 | Abyss:1  | Found a corrupted altar of Lugonu.
 52468 | Abyss:1  | Found a radiant altar of Vehumet.
 52686 | Abyss:1  | Received a gift from Trog
 53150 | Abyss:1  | Paralysed by accursed screaming for 1 turns
 53725 | Abyss:3  | Received a gift from Trog
 53919 | Abyss:4  | Gained mutation: You are dopey. (Int -2) [a neqoxec]
 54095 | Abyss:4  | Paralysed by accursed screaming for 1 turns
 54192 | Abyss:4  | Reached XP level 25. HP: 202/247 MP: 22/22
 54366 | Abyss:4  | Received a gift from Trog
 55020 | Abyss:4  | Got an abyssal rune of Zot
 55113 | Abyss:4  | Noticed an ancient lich
 55120 | Abyss:4  | Killed an ancient lich
 55128 | Abyss:4  | Received a gift from Trog
 55274 | Depths:4 | Escaped the Abyss
 55320 | Zot:1    | Entered Level 1 of the Realm of Zot
 56681 | Zot:1    | Reached XP level 26. HP: 252/260 MP: 22/22
 57092 | Zot:2    | Received a gift from Trog
 57282 | Zot:2    | Upgraded the game from 0.22.0-2-ge58baed0e8 to 0.22.0-5-gf09313c8f9
 57775 | Zot:2    | Noticed an orb of fire
 57793 | Zot:2    | Killed an orb of fire
 58984 | Zot:3    | Received a gift from Trog
 60279 | Zot:5    | Entered Level 5 of the Realm of Zot
 60442 | Zot:5    | Reached XP level 27. HP: 271/271 MP: 22/22
 60668 | Zot:5    | Reached skill level 27 in Fighting
 60674 | Zot:5    | Noticed an orb of fire
 60689 | Zot:5    | Killed an orb of fire
 60689 | Zot:5    | Reached skill level 27 in Armour
 60822 | Zot:5    | Noticed an orb of fire
 60862 | Zot:5    | Noticed an orb of fire
 60876 | Zot:5    | Gained mutation: You are frail. (-10% HP) [an orb of fire]
 60883 | Zot:5    | Killed an orb of fire
 60886 | Zot:5    | Gained mutation: You are weak. (Str -2) [an orb of fire]
 60889 | Zot:5    | Killed an orb of fire
 60901 | Zot:5    | Lost mutation: You are weak. (Str -2) [potion of mutation]
 60901 | Zot:5    | Lost mutation: You are dopey. (Int -2) [potion of mutation]
 60901 | Zot:5    | Gained mutation: You are partially covered in thin metallic scales. (AC +2) [potion of mutation]
 60901 | Zot:5    | Gained mutation: You are very frail. (-20% HP) [potion of mutation]
 60901 | Zot:5    | Gained mutation: You are partially covered in iridescent scales. (AC +2) [potion of mutation]
 60902 | Zot:5    | Lost mutation: You are very frail. (-20% HP) [potion of mutation]
 60902 | Zot:5    | Gained mutation: You have sharp toenails. [potion of mutation]
 60902 | Zot:5    | Gained mutation: You possess an exceptional clarity of mind. [potion of mutation]
 60932 | Zot:5    | Noticed an orb of fire
 60950 | Zot:5    | Killed an orb of fire
 61025 | Zot:5    | Noticed an orb of fire
 61027 | Zot:5    | Gained mutation: You are weak. (Str -2) [an orb of fire]
 61046 | Zot:5    | Gained mutation: Scrolls take you a little longer to read. [an orb of fire]
 61048 | Zot:5    | Killed an orb of fire
 61103 | Zot:5    | Noticed an ancient lich
 61108 | Zot:5    | Killed an ancient lich
 61108 | Zot:5    | Received a gift from Trog
 61110 | Zot:5    | Noticed an orb of fire
 61119 | Zot:5    | Gained mutation: Scrolls take you longer to read. [an orb of fire]
 61120 | Zot:5    | Gained mutation: You are very weak. (Str -4) [an orb of fire]
 61135 | Zot:5    | Killed an orb of fire
 61215 | Zot:5    | Noticed an orb of fire
 61233 | Zot:5    | Killed an orb of fire
 61233 | Zot:5    | Reached skill level 27 in Dodging
 61277 | Zot:5    | Lost mutation: You are frail. (-10% HP) [potion of mutation]
 61277 | Zot:5    | Lost mutation: You possess an exceptional clarity of mind. [potion of mutation]
 61277 | Zot:5    | Lost mutation: You are partially covered in thin metallic scales. (AC +2) [potion of mutation]
 61277 | Zot:5    | Lost mutation: You have sharp toenails. [potion of mutation]
 61277 | Zot:5    | Gained mutation: You are dopey. (Int -2) [potion of mutation]
 61277 | Zot:5    | Gained mutation: Your spells are a little harder to cast, but a little more powerful. [potion of mutation]
 61278 | Zot:5    | Lost mutation: You are dopey. (Int -2) [potion of mutation]
 61278 | Zot:5    | Lost mutation: You are partially covered in iridescent scales. (AC +2) [potion of mutation]
 61278 | Zot:5    | Gained mutation: You are clumsy. (Dex -2) [potion of mutation]
 61278 | Zot:5    | Lost mutation: You are very weak. (Str -4) [potion of mutation]
 61278 | Zot:5    | Gained mutation: Your system is resistant to poisons. (rPois) [potion of mutation]
 61278 | Zot:5    | Gained mutation: You are covered in fur. (AC +1) [potion of mutation]
 61279 | Zot:5    | Lost mutation: You are weak. (Str -2) [potion of mutation]
 61279 | Zot:5    | Lost mutation: You are clumsy. (Dex -2) [potion of mutation]
 61279 | Zot:5    | Lost mutation: Scrolls take you longer to read. [potion of mutation]
 61279 | Zot:5    | Gained mutation: Potions are less effective at restoring your health. [potion of mutation]
 61279 | Zot:5    | Gained mutation: Scrolls take you longer to read. [potion of mutation]
 61279 | Zot:5    | Lost mutation: Scrolls take you longer to read. [potion of mutation]
 61407 | Zot:5    | Noticed an orb of fire
 61420 | Zot:5    | Killed an orb of fire
 61447 | Zot:5    | Reached skill level 5 in Evocations
 61487 | Zot:5    | Noticed an orb of fire
 61491 | Zot:5    | Gained mutation: Your magical capacity is low. (-10% MP) [an orb of fire]
 61493 | Zot:5    | Gained mutation: You occasionally shout uncontrollably at your foes. [an orb of fire]
 61507 | Zot:5    | Killed an orb of fire
 61912 | Zot:5    | Got the Orb of Zot
 62427 | D:$      | Escaped with the Orb!

Skill      XL: |  1  2  3  4  5  6  7  8  9 10 11 12 13 14 15 16 17 18 19 20 21 22 23 24 25 26 27 |
---------------+----------------------------------------------------------------------------------+-----
Axes           | 4 5 7 9 11 12 14 16 17 19 20 21 22 23 25 26 27 | 27.0
Fighting       | 4 5 6 7 8 9 11 12 13 14 15 16 17 18 19 20 21 23 24 25 26 27 | 27.0
Armour         | 3 4 5 6 8 9 10 12 13 14 15 16 17 18 19 20 21 23 24 25 26 27 | 27.0
Dodging        | 3 4 5 6 7 8 9 11 12 13 14 15 16 17 18 19 20 21 22 23 25 27 | 27.0
Evocations     | 9 |  9.4

Action                   |  1- 3 |  4- 6 |  7- 9 | 10-12 | 13-15 | 16-18 | 19-21 | 22-24 | 25-27 || total
-------------------------+-------+-------+-------+-------+-------+-------+-------+-------+-------++-------
Melee: Hand axe          |    63 |    74 |   319 |       |       |       |       |       |       ||   456
       Headbutt          |    15 |    16 |    82 |   207 |   253 |   318 |   334 |   361 |   349 ||  1935
       War axe           |       |       |   112 |   237 |       |       |       |       |       ||   349
       Falchion          |       |       |       |    21 |    17 |       |       |       |       ||    38
       Broad axe         |       |       |       |   438 |   518 |    24 |       |       |       ||   980
       Battleaxe         |       |       |       |    21 |   674 |  1214 |   733 |       |       ||  2642
       Executioner's axe |       |       |       |       |    15 |       |   554 |  1297 |  1180 ||  3046
Throw: Stone             |     2 |     6 |     4 |       |       |       |       |       |       ||    12
       Javelin           |       |       |       |       |     4 |       |       |       |       ||     4
       Tomahawk          |       |       |       |       |     1 |       |       |       |       ||     1
Invok: Berserk           |       |     1 |     2 |       |     4 |       |     2 |     1 |       ||    10
       Trog's Hand       |       |     1 |     1 |     2 |    14 |    12 |     7 |    10 |    11 ||    58
Evoke: Wand              |       |       |       |     2 |       |       |       |       |       ||     2
  Use: Scroll            |       |     6 |     8 |    16 |     5 |    12 |     7 |    25 |    14 ||    93
       Potion            |       |       |       |     3 |     6 |     1 |     1 |     6 |    11 ||    28
 Stab: Sleeping          |     1 |       |       |       |       |       |       |       |       ||     1
       Distracted        |       |       |       |       |       |     1 |       |       |       ||     1
       Paralysed         |       |       |       |       |       |       |       |       |     1 ||     1
  Eat: Chunk             |     3 |     4 |    23 |    12 |    34 |    18 |    31 |    19 |     9 ||   153
       Ration            |       |       |     1 |     3 |     3 |     7 |     2 |     5 |     7 ||    28
Armor: Animal skin       |     5 |       |       |       |       |       |       |       |       ||     5
       Leather armour    |     3 |       |       |       |       |       |       |       |       ||     3
       Scale mail        |       |    18 |    12 |       |       |       |       |       |       ||    30
       Ring mail         |       |    10 |       |       |       |       |       |       |       ||    10
       Chain mail        |       |       |   131 |    54 |       |       |       |       |       ||   185
       Skin              |       |       |       |     9 |       |       |       |       |       ||     9
       Plate armour      |       |       |       |   303 |   626 |   533 |   645 |   262 |       ||  2369
       Gold dragon scale |       |       |       |       |       |       |       |   329 |   607 ||   936
Dodge: Dodged            |    35 |    30 |   148 |   372 |   872 |   604 |   686 |   667 |   864 ||  4278
Block: Other             |       |     2 |    41 |    22 |       |       |       |       |       ||    65
       Reflection        |       |       |     2 |     2 |       |       |       |       |       ||     4
       Rpst.: Falchion   |       |       |       |     3 |       |       |       |       |       ||     3
